AoeStats
← GerryPrime

Arena

508260231Analyzed
2v2 RM · 10d ago on Sep 21, 2026· 62m 56s· 4 players
Game mode
Random Map
Map size
Medium (4 player)
Population
200
Speed
Normal
Resources
Standard
Victory
Conquest
Starting age
Dark Age
Ending age
Imperial Age
RankedLock teamsTeams togetherTeam positionsShared explorationLock speedFull tech treeHidden civsTurbo modeCheats
Victory
Defeat
🇦🇷 Bengalis · Argentina
1070
+15
🇦🇷 Wu · Argentina
1056
+16
🇨🇴 Romans · Colombia
1057
-16
🇪🇸 Bohemians · Spain
1042
-15
GerryPrime
5:06 Loom
12:00 Feudal Age
12:51 Double-Bit Axe
15:48 Castle Age
15:33 Horse Collar
22:07 Fletching
24:23 Chemistry
25:00 Bodkin Arrow
34:36 Imperial Age
33:06 Padded Archer Armor
33:31 Ballistics
33:41 Fervor
34:15 Wheelbarrow
33:10 Elite Skirmisher
34:13 Bow Saw
36:35 Heavy Plow
36:48 Bracer
37:04 Leather Archer Armor
36:21 Houfnice
39:42 Hand Cart
41:29 Conscription
41:21 Wagenburg Tactics
41:15 Pikeman
41:56 Squires
41:42 Arson
42:33 Ring Archer Armor
42:03 Scale Mail Armor
42:13 Forging
42:43 Siege Engineers
46:50 Chain Mail Armor
47:10 Iron Casting
48:38 Plate Mail Armor
48:37 Halberdier
52:01 Blast Furnace
ElLorenzuwu
3:15 Loom
9:53 Feudal Age
8:12 Loom
11:12 Double-Bit Axe
16:21 Castle Age
14:55 Horse Collar
18:22 Wheelbarrow
23:16 Man-at-Arms
23:57 Squires
24:25 Scale Mail Armor
26:18 Scale Barding Armor
27:29 Forging
28:21 Chain Barding Armor
28:56 Gold Mining
28:56 Stone Mining
30:06 Chain Mail Armor
30:26 Iron Casting
29:58 Long Swordsman
31:18 Bow Saw
34:58 Imperial Age
32:18 Town Watch
34:25 Hand Cart
34:36 Fletching
35:14 Bodkin Arrow
35:53 Ballistics
35:44 Fortified Wall
35:45 Masonry
37:03 Conscription
38:21 Chemistry
38:10 Legionary
43:02 Plate Barding Armor
43:14 Husbandry
43:25 Bloodlines
45:29 Blast Furnace
44:25 Light Cavalry
45:37 Ballistas
47:29 Comitatenses
50:04 Pikeman
51:43 Heavy Plow
51:46 Town Patrol
53:17 Heavy Scorpion
60:13 Murder Holes
60:49 Architecture
LLA | Black-Dan
0:36 Loom
11:28 Feudal Age
16:21 Castle Age
14:15 Double-Bit Axe
15:39 Stone Mining
16:16 Gold Mining
17:49 Fervor
17:43 Squires
18:20 Bow Saw
19:00 Wheelbarrow
20:20 Horse Collar
23:29 Heavy Plow
24:31 Scale Mail Armor
25:53 Hand Cart
26:02 Arson
26:58 Town Watch
28:29 Town Patrol
32:52 Imperial Age
32:00 Gold Shaft Mining
32:33 Stone Shaft Mining
32:57 Forging
33:03 Chain Mail Armor
33:04 Red Cliffs Tactics
33:43 Ballistics
34:34 Chemistry
34:08 Conscription
35:08 Iron Casting
34:09 Pikeman
35:54 Fletching
37:06 Blast Furnace
36:49 Bodkin Arrow
37:26 Plate Mail Armor
38:51 Bracer
38:52 Padded Archer Armor
39:33 Halberdier
42:42 Leather Archer Armor
52:34 Elite Fire Archer
55:36 Two-Man Saw
54:51 Caravan
58:23 Sitting Tiger
LLA | El makiavelico
11:52 Feudal Age
16:44 Castle Age
17:07 Wheelbarrow
16:18 Double-Bit Axe
16:17 Horse Collar
18:31 Loom
18:52 Heavy Plow
19:04 Bow Saw
18:45 Gold Mining
18:48 Stone Mining
22:27 Forging
22:09 Fletching
22:19 Padded Archer Armor
22:55 Bodkin Arrow
32:54 Imperial Age
31:03 Hand Cart
32:05 Gold Shaft Mining
37:26 Conscription
38:22 Crop Rotation
38:53 Two-Man Saw
39:11 Light Cavalry
39:20 Elite Battle Elephant
39:21 Light Cavalry
40:14 Bloodlines
41:15 Mahayana
41:01 Paiks
41:49 Bracer
42:04 Leather Archer Armor
41:59 Forging
41:49 Scale Mail Armor
41:59 Forging
41:49 Scale Mail Armor
41:18 Elite Ratha (Ranged)
43:16 Husbandry
43:38 Scale Barding Armor
44:03 Ring Archer Armor
44:49 Iron Casting
44:03 Elite Skirmisher
44:03 Elite Elephant Archer
46:13 Coinage
46:13 Coinage
46:09 Chain Barding Armor
50:13 Chemistry
61:51 Blast Furnace
61:27 Plate Barding Armor
61:44 Plate Barding Armor
Connection lost

Rejoining the realm…

Still unreachable

The connection could not be restored.

Session expired

The server has moved on; the page needs a fresh start.